 Dungeon Crawl Stone Soup version 0.31-a0-963-ga325b2283a (webtiles) character file.

Game seed: 17923103959478408421

6454 Maxmaps the Mimic (level 10, -6/63 HPs)
             Began as an Octopode Monk on Oct 25, 2023.
             Was an Initiate of Gozag.
             Mangled by a freezing wraith (9 damage)
             ... on level 10 of the Dungeon.
             The game lasted 00:10:56 (9331 turns).

Maxmaps the Mimic (Octopode Monk)                   Turns: 9331, Time: 00:10:58

Health: -6/63      AC:  9    Str: 12    XL:     10   Next: 99%
Magic:  10/10      EV: 12    Int: 16    God:    Gozag
Gold:   1083       SH: 12    Dex: 14    Spells: 9/9 levels left

rFire   + . .        t - +2 dagger (elec)
rCold   + . .        w - +2 kite shield
rNeg    + . .        (helmet restricted)
rPois   .            (no amulet)
rElec   .            d - +4 ring of protection
rCorr   +            x - ring of positive energy
SInv    .            a - ring "Gaemoal" {rF+ rC+ rCorr AC+4}
Will    .....        (no ring)
Stlth   +++++        (no ring)
HPRegen 0.30/turn    (no ring)
MPRegen 0.12/turn    (no ring)
                     (no ring)

%: no passive effects
@: maw-form, gold aura, slowed, very slow
A: devouring maw, almost no armour, amphibious, 8 rings, camouflage 1,
gelatinous body 1, (nimble swimmer 1), tentacles
a: Begin Untransformation, Renounce Religion, Potion Petition, Call Merchant,
Bribe Branch


You were on level 10 of the Dungeon.
You worshipped Gozag.
Gozag was most pleased with you.
You were a creature with a mouth for a stomach.
You visited 2 branches of the dungeon, and saw 11 of its levels.

You collected 1509 gold pieces.
You paid 426 gold pieces to Gozag.

Inventory:

Hand Weapons
 t - a +2 dagger of electrocution (weapon)
Missiles
 i - 2 throwing nets
Armour
 b - an orb of light
 w - a +2 kite shield (worn)
Jewellery
 a - the ring "Gaemoal" (on tentacle) {rF+ rC+ rCorr AC+4}
   (You took it off a gnoll on level 8 of the Dungeon)

   [ring of protection]

   AC+4:      It affects your AC (+4).
   rF+:       It protects you from fire.
   rC+:       It protects you from cold.
   rCorr:     It protects you from acid and corrosion.
 d - a +4 ring of protection (left tentacle)
 x - a ring of positive energy (right tentacle)
Talismans
 e - a maw talisman (active)
 v - a flux talisman
Wands
 u - a wand of acid (17)
 z - a wand of iceblast (18)
 A - a wand of flame (26)
Scrolls
 c - 4 scrolls of fear
 f - 2 scrolls of immolation
 h - 3 scrolls of amnesia
 l - a scroll of blinking
 n - a scroll of enchant armour
 p - a scroll of fog
 q - 5 scrolls of teleportation
 s - a scroll of brand weapon
 y - a scroll of butterflies
 C - a scroll of poison
Potions
 g - 2 potions of curing
 j - a potion of attraction {unknown}
 k - 2 potions of mutation
 r - a potion of enlightenment
 B - 2 potions of brilliance


   Skills:
 - Level 3.0 Fighting
 - Level 6.2 Short Blades
 - Level 3.0 Dodging
 - Level 9.0 Stealth
 + Level 7.6 Shields
 - Level 3.0 Unarmed Combat
 - Level 10.2 Shapeshifting


You had 9 spell levels left.
You didn't know any spells.
Your spell library contained the following spells:

 Spells                   Type           Power      Damage    Failure   Level
 Apportation              Tloc           0%         N/A       58%         1
 Freeze                   Ice            0%         1d3       58%         1
 Magic Dart               Conj           0%         1d3       58%         1
 Necrotise                Necr           0%         1d4       58%         1
 Summon Small Mammal      Summ           0%         N/A       58%         1
 Call Imp                 Summ           0%         N/A       75%         2
 Cigotuvi's Dreadful Rot  Necr/Pois/Air  0%         N/A       75%         2
 Jinxbite                 Hex            0%         N/A       75%         2
 Lesser Beckoning         Tloc           0%         N/A       75%         2
 Poisonous Vapours        Pois/Air       0%         N/A       75%         2
 Sublimation of Blood     Necr           0%         N/A       75%         2
 Wereblood                Tmut           0%         N/A       75%         2
 Frozen Ramparts          Ice            0%         1d1       92%         3
 Gell's Gravitas          Tloc           0%         N/A       92%         3
 Hailstorm                Conj/Ice       0%         3d3       92%         3
 Ignite Poison            Fire/Tmut/Pois 0%         N/A       92%         3
 Mephitic Cloud           Conj/Pois/Air  0%         N/A       92%         3
 Teleport Other           Tloc           0%         N/A       92%         3
 Brom's Barrelling Bould  Conj/Erth      0%         2d3       100%        4
 Alistair's Intoxication  Tmut/Pois      0%         N/A       100%        5
 Fireball                 Conj/Fire      0%         3d3       100%        5
 Freezing Cloud           Conj/Ice/Air   0%         6-21      100%        5
 Iskenderun's Battlesphe  Conj           0%         2d6       100%        5
 Conjure Ball Lightning   Conj/Air       0%         3x3d6     100%        6
 Orb of Destruction       Conj           0%         9d5       100%        7
 Summon Hydra             Summ           0%         N/A       100%        7


Dungeon Overview and Level Annotations

Branches:
Dungeon (10/15)            Temple (1/1) D:4            Lair (0/5) D:8
    Orc: D:9-12

Altars:
Ashenzari
Cheibriados
Dithmenos
Elyvilon
Fedhas
Gozag
Hepliaklqana
Kikubaaqudgha
Makhleb
Nemelex Xobeh
Okawaru
Qazlal
Ru
Sif Muna
Trog
Uskayaw
Vehumet
Wu Jian
Xom
Yredelemnul
Zin
The Shining One

Shops:
D:4 (   D:6 *   D:9 (   D:10 :


Innate Abilities, Weirdness & Mutations

You are a creature with a mouth for a stomach.
Your midsection houses a second, enormous mouth.
You cannot wear most types of armour.
You are amphibious.
You can wear up to eight rings at the same time.
Your skin changes colour to match your surroundings (Stealth+).
Your rubbery body absorbs attacks. (AC +1, EV +1)
((You are camouflaged when in or above water. (Stealth+)))
You have tentacles for arms and can constrict up to eight enemies at once.


Message History

The freezing wraith freezes you. You resist.
The freezing wraith closely misses you.
You hit the electric eel.
You kill the electric eel!
You hear a splash.
The freezing wraith closely misses you.
The freezing wraith completely misses you.
Unknown command.
You hit the freezing wraith but do no damage.
Your bite misses the freezing wraith.
The freezing wraith hits you but does no damage. x2
You hit the freezing wraith but do no damage.
You squeeze the freezing wraith! Your bite misses the freezing wraith.
The freezing wraith is lightly damaged.
The freezing wraith hits you. The freezing wraith freezes you. You resist.
You block the freezing wraith's attack.
You hit the freezing wraith but do no damage.
Lightning courses through the freezing wraith!
Your tentacle-slap misses the freezing wraith.
Your squeeze misses the freezing wraith.
Your bite misses the freezing wraith.
The freezing wraith is severely damaged.
You hit the freezing wraith but do no damage.
Your tentacle-slap misses the freezing wraith.
You bite the freezing wraith, but do no damage.
The freezing wraith is severely damaged.
The freezing wraith hits you but does no damage.
The freezing wraith hits you!
* * * LOW HITPOINT WARNING * * *
The freezing wraith drains your vigour!
You feel yourself slow down.
Okay, then.
You barely miss the freezing wraith.
The freezing wraith is severely damaged.
The gnoll sergeant shouts!
You hear a shout!
The gnoll sergeant is distracted by your dazzling golden aura.
You block the freezing wraith's attack. x2; The freezing wraith hits you!
* * * LOW HITPOINT WARNING * * *
The freezing wraith freezes you! You resist.
You die...
Your body crumbles into a pile of gold.

# #.# #....≈≈# ..#≈ #
##.## ##.#.≈≈# ..#≈
###...## .##≈≈#. '#..
##.....# #≈≈## g..#
###...## #.≈≈≈## ...#
####.### #.#≈≈≈######≈
##.....# ..≈≈≈≈≈≈≈≈≈
##)....# #.$W≈≈≈≈≈≈
.<)....# #.W.......
##)....# #.........
#.....########.###.####
###.#.#........# #
####.#....#####.#
...#.#..........#
##........#######
#.....#.## #........#


You could see a freezing wraith and a gnoll sergeant (unaware).

Vanquished Creatures
  Joseph (D:8)
  Maurice (D:8)
  Jeremiah (D:7)
  5 yaks (D:8)
  2 wyverns
  A steam dragon (D:7)
  2 water moccasins
  2 orc warriors (D:8)
  A sky beast (D:4)
  An ice beast (D:8)
  A black bear (D:6)
  An ogre (D:7)
  4 centaurs
  3 phantoms
  2 kobold brigands
  A bullfrog (D:6)
  2 gnoll sergeants
  3 scorpions
  12 wights (D:9)
  10 killer bees (D:9)
  4 howler monkeys (D:7)
  2 electric eels (D:10)
  2 hounds
  A jelly (D:6)
  10 orc priests
  Crazy Yiuf (D:6)
  A gnoll bouda (D:5)
  7 iguanas
  11 orc wizards
  15 gnolls
  6 adders
  3 shadow imps
  A white imp (D:8)
  2 worms (D:2)
  34 orcs
  11 endoplasms
  4 giant cockroaches
  12 goblins
  7 hobgoblins
  A quokka (D:5)
  12 ball pythons
  6 bats
  4 frilled lizards
  12 kobolds
  8 rats
233 creatures vanquished.

Notes
Turn   | Place    | Note
-------+----------+-------------------------------------------
     0 | D:1      | Maxmaps the Octopode Monk began the quest for the Orb.
     0 | D:1      | Reached XP level 1. HP: 16/16 MP: 1/1
    53 | D:1      | Reached skill level 1 in Stealth
   150 | D:1      | Reached XP level 2. HP: 21/21 MP: 2/2
   746 | D:2      | Reached XP level 3. HP: 25/26 MP: 3/3
   804 | D:2      | Found a faded altar of an unknown god.
  1059 | D:2      | Reached skill level 5 in Stealth
  1066 | D:2      | Reached XP level 4. HP: 31/31 MP: 4/4
  1802 | D:3      | Noticed a scorpion
  1813 | D:3      | Killed a scorpion
  1814 | D:3      | Reached XP level 5. HP: 31/36 MP: 5/5
  1848 | D:3      | Noticed a kobold brigand
  1857 | D:3      | Killed a kobold brigand
  1858 | D:3      | Reached XP level 6. HP: 11/42 MP: 6/6
  2291 | D:3      | Found a glowing silver altar of Zin.
  2291 | D:3      | Noticed an angel
  2583 | D:4      | Found a staircase to the Ecumenical Temple.
  2607 | D:4      | Reached skill level 1 in Short Blades
  2674 | Temple   | Entered the Ecumenical Temple
  2686 | Temple   | Became a worshipper of Gozag Ym Sagoz the Greedy
  3023 | D:4      | Found Gohuniops's Weapon Shop.
  3078 | D:4      | Noticed a sky beast
  3085 | D:4      | Killed a sky beast
  3086 | D:4      | Reached XP level 7. HP: 46/46 MP: 7/7
  3108 | D:5      | Entered Level 5 of the Dungeon
  3584 | D:5      | Reached skill level 5 in Short Blades
  4173 | D:6      | Found Ferelaak's General Store.
  4234 | D:6      | Reached XP level 8. HP: 19/52 MP: 8/8
  4628 | D:6      | Reached skill level 1 in Shapeshifting
  4711 | D:6      | Reached skill level 2 in Shapeshifting
  4877 | D:6      | Reached skill level 3 in Shapeshifting
  4977 | D:6      | Identified the +1 mace of Faroul {antimagic, rPois Str+4
                  | Dex+3 SInv}
  5093 | D:6      | Reached skill level 4 in Shapeshifting
  5319 | D:6      | Found a runed translucent door.
  5320 | D:6      | Noticed Crazy Yiuf
  5327 | D:6      | Killed Crazy Yiuf
  5405 | D:7      | Reached skill level 5 in Shapeshifting
  5412 | D:7      | Reached XP level 9. HP: 21/56 MP: 9/9
  5513 | D:7      | Noticed Jeremiah
  5524 | D:7      | Killed Jeremiah
  5525 | D:7      | Reached skill level 6 in Shapeshifting
  5664 | D:7      | Reached skill level 7 in Shapeshifting
  6485 | D:8      | Noticed Maurice
  6487 | D:8      | Killed Maurice
  6488 | D:8      | Reached skill level 8 in Shapeshifting
  6915 | D:8      | Reached skill level 9 in Shapeshifting
  7017 | D:8      | Reached XP level 10. HP: 39/63 MP: 10/10
  7035 | D:8      | Reached skill level 10 in Shapeshifting
  7187 | D:8      | Noticed Joseph
  7193 | D:8      | Identified the ring "Gaemoal" {rF+ rC+ rCorr AC+4}
  7199 | D:8      | Killed Joseph
  7353 | D:8      | Found a staircase to the Lair.
  7883 | D:9      | Reached skill level 5 in Shields
  8994 | D:10     | Identified the of Howopen
  8994 | D:10     | Entered Level 10 of the Dungeon
  9058 | D:10     | Found Joozy's Book Emporium.
  9331 | D:10     | HP: 3/63 [freezing wraith (10)]
  9331 | D:10     | Mangled by a freezing wraith

Illustrated notes

Levels and vault maps discovered:
D:1:      reono_arrival_forest_river, layout_basic, minmay_door_square
D:2:      layout_rooms, dreamdust_ecumenical_altar_statues
D:3:      layout_loops_corners, zin_angel
D:4:      layout_basic, minmay_temple_entry_offerings, serial_shops,
          nicolae_shop_bloodbath_and_beyond
D:5:      layout_loops_cross, kennysheep_cross_bottleneck
D:6:      layout_loops_ring, serial_shops, nicolae_inconvenience_store,
          uniq_crazy_yiuf_cottage
D:7:      layout_cave_pods, uniq_jeremiah
D:8:      layout_basic, lair_entry_dummy, uniq_maurice, uniq_joseph
D:9:      layout_layer_cave, kennysheep_generic_room_10
D:10:     layout_loops_ring, serial_shops, nicolae_square_shop,
          ebering_ghost_funeral_grove, kennysheep_island_fort
Temple:   mainiacjoe_temple_archimedes_tessellation

Skill      XL: |  1  2  3  4  5  6  7  8  9 10 |
---------------+-------------------------------+-----
Stealth        | 2 3 5 7 8 9 |  9.0
Short Blades   | 3 6 |  6.2
Shapeshifting  | 5 9 10 | 10.2
Shields        | 7 |  7.6
Fighting       | |  3.0
Dodging        | |  3.0
Unarmed Combat | |  3.0

Action                     |  1- 3 |  4- 6 |  7- 9 | 10-12 || total
---------------------------+-------+-------+-------+-------++-------
  Melee: Unarmed           |    91 |    86 |       |       ||   177
         Constrict         |    27 |    21 |    32 |    39 ||   119
         Tentacles         |    14 |    29 |    61 |    45 ||   149
         Punch             |     3 |     2 |     6 |     9 ||    20
         Dagger            |       |    21 |   232 |   197 ||   450
         Maw               |       |       |       |    71 ||    71
 Invoke: Call Merchant     |       |       |       |     1 ||     1
    Use: Potion            |       |       |     1 |     3 ||     4
         Scroll            |       |       |    14 |     6 ||    20
   Stab: Sleeping          |     7 |    15 |    16 |     6 ||    44
         Distracted        |     1 |     1 |       |     3 ||     5
 Armour: Skin              |    23 |    40 |    90 |    79 ||   232
  Dodge: Dodged            |    50 |    51 |   108 |    72 ||   281
  Block: Kite shield       |       |       |       |    67 ||    67
   Form: Maw               |       |       |       |     1 ||     1

Table legend: (Time is in decaauts)
 A = Elapsed time spent in this place.
 B = Non-inter-level travel time spent in this place.
 C = Inter-level travel time spent in this place.
 D = Time resting spent in this place.
 E = Time spent auto-exploring this place.
 F = Levels seen in this place.
 G = Mean time per level.
                   A        B        C        D        E       F      G
               +--------+--------+--------+--------+--------+-----+--------+
         Total |   9220 |   8843 |    377 |   1531 |   5829 |  11 |  838.2 |
       Dungeon |   9195 |   8840 |    355 |   1531 |   5829 |  10 |  919.5 |
        Temple |     24 |      2 |     22 |      0 |      0 |   1 |   24.0 |
               +--------+--------+--------+--------+--------+-----+--------+

Top non-repeatable levels by time:
     D:9: 1282 daAuts
     D:3: 1205 daAuts
     D:6: 1202 daAuts
     D:7: 1183 daAuts
     D:8: 1116 daAuts
     D:5: 1025 daAuts
     D:1: 697 daAuts
     D:4: 597 daAuts
     D:2: 569 daAuts
    D:10: 314 daAuts
  Temple: 24 daAuts
